 Dungeon Crawl Stone Soup version 0.32-a0-630-g46d191b (webtiles) character file.

Game seed: 8776219665003269961

22 leeig the Chopper (level 2, -6/39 HPs)
             Began as a Mountain Dwarf Berserker on Mar 6, 2024.
             Was a Believer of Trog.
             Killed from afar by Natasha (10 damage)
             ... with a puff of flame
             ... on level 2 of the Dungeon.
             The game lasted 00:01:24 (802 turns).

leeig the Chopper (Mountain Dwarf Berserker)         Turns: 802, Time: 00:01:25

Health: -6/39      AC:  2    Str: 19    XL:     2   Next: 68%
Magic:  2/2        EV: 11    Int:  7    God:    Trog [**....]
Gold:   75         SH:  0    Dex:  9    Spells: 1/1 levels left

rFire   . . .        a - +0 hand axe
rCold   . . .        (no shield)
rNeg    . . .        b - +0 animal skin
rPois   .            (no helmet)
rElec   .            (no cloak)
rCorr   .            (no gloves)
SInv    .            (no boots)
Will    .....        (no amulet) Stlth
                     (no ring)
HPRegen 0.26/turn    (no ring)
MPRegen 0.08/turn

%: no passive effects
@: berserking, very quick
A: runic magic, artefact enchanting
a: Renounce Religion, Berserk, Trog's Hand


You were on level 2 of the Dungeon.
You worshipped Trog.
Trog was pleased with you.
You visited 1 branch of the dungeon, and saw 2 of its levels.

You collected 75 gold pieces.

Inventory:

Hand Weapons
 a - a +0 hand axe (weapon)
Armour
 b - a +0 animal skin (worn)
Scrolls
 c - a scroll of teleportation {unknown}
 e - a scroll of blinking {unknown}
 g - a scroll of fear {unknown}
 i - a scroll of identify {unknown}
Potions
 d - 2 potions of haste {unknown}
 f - a potion of curing {unknown}
 h - a potion of enlightenment {unknown}


   Skills:
 - Level 3.2 Fighting
 + Level 4.9 Axes
 - Level 2.1 Armour
 - Level 1.3 Dodging


You had one spell level left.
You didn't know any spells.
Your spell library was empty.

Dungeon Overview and Level Annotations

Branches:
Dungeon (2/15)

Altars:

Annotations:
D:2 Natasha


Innate Abilities, Weirdness & Mutations

Your spellcasting is much less encumbered by armour.
You can use scrolls of enchantment on lesser artefacts.


Message History

There is an open door here.
Done exploring.
No target in view!
Done exploring.
No target in view!
Done exploring.
There is an open door here.
There is a stone staircase leading down here.
You climb downwards.
There is a stone staircase leading up here.
i - a scroll labelled CASEVE JOWISOE No target in view!
d - 2 fuming amethyst potions (gained 1)
Found a stone staircase leading down.
No target in view!
You now have 75 gold pieces (gained 13).
Natasha, Servant of Life and Death comes into view.
She is carrying a wand of flame.
Natasha hisses angrily.
Natasha zaps a wand.
The puff of flame hits you!
Natasha is nearby!
Found a plate armour.
Natasha stares at you and mumbles some strange words.
The magic dart hits you.
Natasha is nearby!
You are too injured to fight recklessly!
Natasha is nearby!
You are too injured to fight recklessly!
You hit Natasha.
Natasha is moderately wounded.
Natasha stares at you and mumbles some strange words.
The magic dart hits you!
* * * LOW HITPOINT WARNING * * *
You closely miss Natasha.
Natasha is moderately wounded.
Natasha casts a spell.
A red film seems to cover your vision as you go berserk!
You feel yourself moving faster!
You feel mighty!
Natasha zaps a wand.
The puff of flame hits you!
You die...
Natasha begins licking her fur clean.

###########
#.........#
#.###.###.##### ###
#.....# #.# ....
#.###.###.#####.....
#............... #
#.###.##.###... #.
#.###.##@#
#.###.......h.......
#.............5.....
###.#######.........
#.# ....#......
#.#####..#.#....[.
##.##.....#.#......
#.......#.#.#......
#.......#.#


You could see Natasha and a cerulean imp (summoned).

Vanquished Creatures
  A ball python (D:1)
  3 endoplasms (D:1)
  3 giant cockroaches (D:1)
  A hobgoblin (D:1)
  3 kobolds (D:1)
  2 bats (D:1)
  A frilled lizard (D:1)
  4 goblins (D:1)
  A rat (D:1)
19 creatures vanquished.

Notes
Turn   | Place    | Note
-------+----------+-------------------------------------------
     0 | D:1      | leeig the Mountain Dwarf Berserker began the quest for the
                  | Orb.
     0 | D:1      | Reached XP level 1. HP: 19/19 MP: 1/1
   163 | D:1      | Reached skill level 4 in Axes
   254 | D:1      | Reached XP level 2. HP: 13/26 MP: 2/2
   693 | D:1      | Reached ** piety under Trog
   797 | D:2      | Noticed Natasha
   802 | D:2      | Killed from afar by Natasha

Illustrated notes

Levels and vault maps discovered:
D:1:      wander_arrival_estate, layout_basic, minmay_3d_cube
D:2:      layout_basic, basic_altar, uniq_terence, uniq_crazy_yiuf_cottage,
          uniq_natasha

Skill      XL: |  1 |
---------------+----+-----
Axes           | 4 |  4.9
Fighting       | |  3.2
Armour         | |  2.1
Dodging        | |  1.3

Action                     || total
---------------------------++-------
  Melee: Hand axe          ||    63
 Invoke: Berserk           ||     1
 Armour: Animal skin       ||    50
  Dodge: Dodged            ||    34

Table legend: (Time is in decaauts)
 A = Elapsed time spent in this place.
 B = Non-inter-level travel time spent in this place.
 C = Inter-level travel time spent in this place.
 D = Time resting spent in this place.
 E = Time spent auto-exploring this place.
 F = Levels seen in this place.
 G = Mean time per level.
                   A        B        C        D        E       F      G
               +--------+--------+--------+--------+--------+-----+--------+
         Total |    807 |    799 |      8 |     65 |    586 |   2 |  403.5 |
       Dungeon |    807 |    799 |      8 |     65 |    586 |   2 |  403.5 |
               +--------+--------+--------+--------+--------+-----+--------+

Top non-repeatable levels by time:
     D:1: 738 daAuts
     D:2: 69 daAuts
